Cogmind - Beta 13 @@@ ROGUE MODE // 2024.04.04 @ 20:04:23 Player: karlsu Result: Destroyed by NG-X34(R) with Subdweller Shrapnel Launcher Performance ------------- Evolutions (0) 0 Regions Visited (2) 400 Robots Destroyed (36) 180 Value Destroyed (1034) 1034 Prototype IDs (0) 0 Alien Tech Used (0) 0 Bonus (-156) -156 TOTAL SCORE: 1458 Bonus ------- Friendly Fire -156 Cogmind --------- Core Integrity 0/250 Matter 247/300 Energy 100/100 System Corruption 0% Temperature Cool (0) Movement Rolling (120) Ox1 Location -10/Subcaves Parts ------- > --- POWER (1) -------- (None) > --- PROPULSION (2) --- Subdweller Monowheel > --- UTILITY (2) ------ Disposable Heat Sink Large Storage Unit > --- WEAPON (2) ------- Grenade Launcher > --- INVENTORY (15) --- Ion Engine Light Ion Engine Light Ion Engine High-capacity Battery (250) Medium Matter Pod (0) High-capacity Matter Pod (0) Assault Rifle Light Assault Rifle Light Cannon Scrap Shield Fragment (43) Scrap Shield Fragment (8) Peak State ------------ > --- POWER ------------ Neutrino Core > --- PROPULSION ------- Light Treads Light Treads > --- UTILITY ---------- Scrap Shield > --- WEAPON ----------- Grenade Launcher Grenade Launcher > --- INVENTORY -------- Ion Engine Light Cannon Grenade Launcher Grenade Launcher [Rating: 14] Favorites ----------- Power Ion Engine Engine Ion Engine Power Core Neutrino Core Propulsion Light Treads Treads Light Treads Wheel Subdweller Monowheel Utility Large Storage Unit Device Disposable Heat Sink Storage Large Storage Unit Protection Weapon Shielding Weapon Grenade Launcher Energy Gun Medium Laser Ballistic Gun Assault Rifle Ballistic Cannon Light Cannon Launcher Grenade Launcher Build | -11 -10 -10 ------- Run | Yrd Mat Sub Slots Evolved . | . . . Power . | . . . Propulsion . | . . . Utility . | . . . Weapon . | . . . Parts Attached 25 | 6 10 9 Power 3 | 1 1 1 Engine 2 | 1 1 . Core 1 | . . 1 Reactor . | . . . Propulsion 3 | 2 . 1 Treads 2 | 2 . . Leg . | . . . Wheel 1 | . . 1 Hover . | . . . Flight . | . . . Utility 11 | 1 6 4 Device 1 | . . 1 Storage 8 | 1 5 2 Processor . | . . . Hackware . | . . . Protection 2 | . 1 1 Artifact . | . . . Weapon 8 | 2 3 3 Energy Gun 1 | 1 . . Energy Cannon . | . . . Ballistic Gun 2 | 1 1 . Ballistic Cannon 1 | . 1 . Launcher 4 | . 1 3 Special Weapon . | . . . Impact Weapon . | . . . Slashing Weapon . | . . . Piercing Weapon . | . . . Special Melee Weapon . | . . . Unidentified Prototypes . | . . . Parts Lost 7 | . . 7 Power 1 | . . 1 Propulsion 2 | . . 2 Utility 1 | . . 1 Weapon 3 | . . 3 Highest Loss Streak 5 | . . 5 To Critical Strikes . | . . . Average Slot Usage (%) 89 | . 96 69 Engine 11 | . 13 3 Core 2 | . . 10 Treads 24 | . 28 12 Storage 16 | . 21 4 Protection 4 | . 3 5 Ballistic Gun 2 | . 3 . Ballistic Cannon 9 | . 12 1 Launcher 15 | . 12 26 Naked Turns . | . . . Heaviest Build 41 | 14 35 41 Greatest Support 40 | 40 40 40 Greatest Overweight (x) 6 | . . 6 Average Overweight (x) . | . . 1 Largest Inventory Capacity 15 | 8 15 15 Average Capacity 10 | 6 11 7 Most Carried 13 | 2 11 13 Average Carried 6 | . 6 5 Final Capacity 15 | 8 15 15 Final Carried 11 | 1 10 11 Class Distribution -------------------- 100% | Mutant Dominant Class ---------------- Mutant | -10/Materials Mutant | -10/Subcaves Resources | -11 -10 -10 ----------- Run | Yrd Mat Sub Matter Collected 1331 | 260 681 390 Remotely . | . . . Salvage Created 852 | . 490 362 Parts 57 | . 31 26 Haulers Intercepted 1 | . 1 . Recyclers Shooed 2 | . 2 . Parts Field Recycled . | . . . Retrieved Matter . | . . . Parts Self-Destructed 6 | . . 6 Prevented . | . . . Kills | -11 -10 -10 ------- Run | Yrd Mat Sub Combat Hostiles Destroyed 28 | . 13 15 Guns 5 | . 5 . Cannons 6 | . 5 1 AOE 17 | . 3 14 Classes Destroyed 9 | . 6 3 Hauler 1 | . 1 . Recycler 2 | . 2 . Operator 1 | . 1 . Watcher 3 | . 3 . Swarmer 6 | . 6 . Grunt 7 | . 7 . Sentry 1 | . . 1 Subdweller 14 | . . 14 Guerrilla 1 | . . 1 Best Kill Streak 10 | . 8 10 Combat Bots Only 10 | . 6 10 Max Kills in Single Turn 3 | . 3 3 Gunslinging . | . . . Exploded 3 | . 2 3 Melee . | . . . Uniques/NPCs Destroyed . | . . . Combat | -11 -10 -10 -------- Run | Yrd Mat Sub Hostile Shots Fired 99 | . 45 54 Missed 34 | . 15 19 Damage Taken 1321 | . 425 896 Core 261 | . 51 210 Absorbed by Shields . | . . . Redirected to Shielding 24 | . 24 . Regen/Repaired (Parts) 39 | . 39 . Core Remaining (%) 100 | 100 . . Volleys Fired 84 | . 61 23 Largest 2 | . 2 2 Hottest 70 | . 70 65 Shots Fired 143 | . 98 45 Gun 46 | . 46 . Cannon 42 | . 38 4 Launcher 55 | . 14 41 Special . | . . . Kinetic 69 | . 65 4 Thermal 19 | . 19 . Explosive 55 | . 14 41 Electromagnetic . | . . . Robot Hit Streak 13 | . 7 13 Robot Miss Streak 5 | . 5 2 Penetration Max . | . . . Secondary Targets 2 | . 2 . Max Gunslinging Chain 1 | . 1 . Shots Hit Robots 86 | . 52 34 Core Hits 56 | . 28 28 Critical Kills . | . . . Critical Parts Destroyed . | . . . Critical Strikes 3 | . 3 . Burn 1 | . 1 . Blast 2 | . 2 . Melee Attacks . | . . . Impact . | . . . Slashing . | . . . Piercing . | . . . Sneak Attacks . | . . . Combat Hostiles . | . . . Follow-up Attacks . | . . . Damage Inflicted 3550 | . 1231 2319 Guns 344 | . 344 . Cannons 421 | . 385 36 Explosions 2785 | . 502 2283 Melee . | . . . Ramming . | . . . Kinetic 565 | . 529 36 Thermal 200 | . 200 . Explosive 2785 | . 502 2283 Electromagnetic . | . . . Impact . | . . . Slashing . | . . . Piercing . | . . . Highest Corruption . | . . . Average Corruption . | . . . Corruption Purged . | . . . Corruption Blocked . | . . . Overload Shots . | . . . Overflow Damage 48 | . 44 4 Projectiles 9 | . 9 . Explosions 39 | . 35 4 Melee . | . . . Knockbacks 1 | . 1 . Impact . | . . . Kinetic 1 | . 1 . Secondary . | . . . Self-Inflicted Damage 184 | . 108 76 Shots 11 | . 5 6 Rammed . | . . . Targets Rammed . | . . . Kicked . | . . . Crushed . | . . . Highest Temperature 159 | . 159 10 Average Temperature 44 | . 45 7 Received Heat Transfer 312 | . 138 174 Siege Activations . | . . . Robots Corrupted . | . . . Combat Hostiles . | . . . Parts Fried . | . . . Impact Corruptions . | . . . Robots Melted . | . . . Combat Hostiles . | . . . Parts Melted . | . . . Heat Transferred 666 | . 666 . Parts Sabotaged . | . . . Parts Stolen . | . . . Parts Stripped . | . . . Power Chain Reactions . | . . . Alert | -11 -10 -10 ------- Run | Yrd Mat Sub Peak Influence 187 | . 187 . Initial . | . . . Average 97 | . 101 . Maximum Alert Level . | . . . Low Security (%) 100 | 100 100 . Level 1 . | . . . Level 2 . | . . . Level 3 . | . . . Level 4 . | . . . Level 5 . | . . . High Security . | . . . Max Security . | . . . Squads Dispatched 2 | . 2 . Investigation 1 | . 1 . Extermination . | . . . Reinforcement 1 | . 1 . Assault . | . . . Garrison . | . . . Intercept . | . . . Searches Triggered . | . . . Construction Impeded . | . . . Haulers Reinforced . | . . . Active Scanning Responses . | . . . Cargo Convoy Interrupts . | . . . Stealth | -11 -10 -10 --------- Run | Yrd Mat Sub Distress Signals 1 | . 1 . Communications Jammed . | . . . Distress Signals . | . . . Times Spotted 44 | . 25 19 Peak Tracking Total 7 | . 3 7 Tactical Retreats . | . . . Traps | -11 -10 -10 ------- Run | Yrd Mat Sub Traps Triggered . | . . . Indirectly . | . . . Trap Hack Attempts . | . . . Triggered . | . . . Disarmed . | . . . Reprogrammed . | . . . Reused . | . . . Traps Extracted . | . . . Installed . | . . . Triggered . | . . . Machines | -11 -10 -10 ---------- Run | Yrd Mat Sub Machines Disabled 4 | . 4 . Max in Single Turn 1 | . 1 . Machines Repaired . | . . . Machines Dismantled . | . . . Machines Sabotaged . | . . . Overloaded Fab Kills . | . . . Hacking | -11 -10 -10 --------- Run | Yrd Mat Sub Machines Accessed 7 | . 7 . Terminals 4 | . 4 . Fabricators . | . . . Repair Stations 1 | . 1 . Recycling Units 2 | . 2 . Scanalyzers . | . . . Garrison Access . | . . . Total Hacks 26 | . 26 . Successful 18 | . 18 . Failed 8 | . 8 . Catastrophic 2 | . 2 . Database Lockouts . | . . . Manual . | . . . Terminals 13 | . 13 . Fabricators . | . . . Repair Stations 5 | . 5 . Recycling Units 8 | . 8 . Scanalyzers . | . . . Garrison Access . | . . . Terminal Hacks 7 | . 7 . Emergency Access Points 1 | . 1 . Alert Level 1 | . 1 . Locate Traps 2 | . 2 . Dispatch Records 1 | . 1 . Investigation Status 1 | . 1 . Reinforcement Status 1 | . 1 . Fabricator Hacks . | . . . Repair Station Hacks 4 | . 4 . Scan Component 3 | . 3 . Repair 1 | . 1 . Recycling Unit Hacks 7 | . 7 . Process 3 | . 3 . Report Inventory 2 | . 2 . Retrieve Matter 2 | . 2 . Scanalyzer . | . . . Garrison Access Hacks . | . . . Unauthorized Hacks . | . . . Terminals . | . . . Fabricators . | . . . Repair Stations . | . . . Recycling Units . | . . . Scanalyzers . | . . . Garrison Access . | . . . Data Cores Recovered . | . . . Used . | . . . Hacking Detections 5 | . 5 . Full Trace Events 4 | . 4 . Feedback Events . | . . . Feedback Blocked . | . . . Robot Schematics Acquired . | . . . Robots Built . | . . . Authchips . | . . . Time . | . . . Total Robot Build Rating . | . . . Part Schematics Acquired . | . . . Parts Built . | . . . Authchips . | . . . Time . | . . . Total Part Build Rating . | . . . Parts Repaired 1 | . 1 . Time 26 | . 26 . Parts Recycled . | . . . Recycled Matter 406 | . 406 . Retrieved Matter 406 | . 406 . Retrieved Components . | . . . Parts Scanalyzed . | . . . Part Schematics Acquired . | . . . Parts Damaged . | . . . Bothacking | -11 -10 -10 ------------ Run | Yrd Mat Sub Used RIF Installer . | . . . Robots Hacked . | . . . Non-combat . | . . . Combat . | . . . Robot Hacks Applied . | . . . Relay Couplers Released . | . . . Fabnet Peak Effective % . | . . . Robots Rewired . | . . . Allies Hacked . | . . . Hacks Repelled . | . . . Allies | -11 -10 -10 -------- Run | Yrd Mat Sub Total Allies . | . . . Largest Group . | . . . Highest-Rated Group . | . . . Highest-Rated Ally . | . . . Total Orders . | . . . Ally Attacks . | . . . Total Damage . | . . . Kills . | . . . Allies Corrupted . | . . . Allies Melted . | . . . Intel | -11 -10 -10 ------- Run | Yrd Mat Sub Robot Analysis Total . | . . . Derelict Logs Recovered 1 | . . 1 Drone Launches . | . . . Drone Recoveries . | . . . Exploration | -11 -10 -10 ------------- Run | Yrd Mat Sub Turns Passed 2458 | 70 1775 613 Spaces Moved 1273 | 40 964 269 Core 60 | 5 . 55 Treads 1137 | 35 964 138 Legs . | . . . Wheels 76 | . . 76 Hover . | . . . Flight . | . . . Fastest Speed 50 | 50 160 120 Average Speed 165 | 146 160 190 Slowest Speed 350 | 160 160 350 Overloaded Moves . | . . . Propulsion Burnouts . | . . . Robots Hopped . | . . . Cave-ins Triggered . | . . . Exploration Rate (%) 37 | 3 96 13 Regions Visited 2 Branch Regions 1 Pre-discovered Areas . | . . . Known Exits Taken . | . . . Unknown Exits Taken 2 | 1 1 . Scrap Searched . | . . . Spaces Dug . | . . . Terrain Destroyed 187 | . 49 138 Melee . | . . . Projectile . | . . . AOE 187 | . 49 138 Terrain Rammed . | . . . Walls Destroyed . | . . . Machines Disabled . | . . . Actions | -11 -10 -10 --------- Run | Yrd Mat Sub Total 1480 | 52 1098 330 Wait 45 | . 43 2 Move 1271 | 39 963 269 Hop . | . . . Pick Up 37 | 7 16 14 Fast Attach 1 | . . 1 Attach 14 | 6 2 6 Detach 1 | . . 1 Swap 10 | . 8 2 Drop 15 | . 5 10 Fire 84 | . 61 23 Melee . | . . . Ram . | . . . Kick . | . . . Crush . | . . . Escape Stasis . | . . . Rewire . | . . . Trap . | . . . Miscellaneous 2 | . . 2 Route ------- -11/Scrapyard -10/Materials (discovered 6 exits: [*Mat x3] / [*Min x2] / [*Sub]) -10/Subcaves History --------- Turn | Location | Event 4 | -11/Scrapyard | Discovered new exit (range 15) 71 | -11/Scrapyard | Entered Materials 283 | -10/Materials | Discovered new exit (range 16) 304 | -10/Materials | Build established: Mutant 525 | -10/Materials | Discovered new exit (range 9) 660 | -10/Materials | Discovered new exit (range 15) 796 | -10/Materials | Discovered new exit (range 16) 954 | -10/Materials | Repaired Ion Engine 1093 | -10/Materials | Discovered new exit (range 3) 1686 | -10/Materials | Discovered new exit (range 9) 1846 | -10/Materials | Entered Subcaves 1916 | -10/Subcaves | Ambushed by Subdweller buried in earth 2106 | -10/Subcaves | Ambushed by swarm of Subdwellers 2106 | -10/Subcaves | Ambushed by Subdwellers from Twisted Machinery 2106 | -10/Subcaves | Ambushed by Subdwellers from Twisted Machinery 2110 | -10/Subcaves | Ambushed by Subdwellers from Twisted Machinery 2113 | -10/Subcaves | Ambushed by Subdweller buried in earth 2125 | -10/Subcaves | Core integrity fell below 50% 2135 | -10/Subcaves | Core integrity fell below 20% 2169 | -10/Subcaves | Destroyed 10 combat bots 2171 | -10/Subcaves | Lost 5 parts (2n1u2w) 2189 | -10/Subcaves | Learned location of 1 exit from Materials 2457 | -10/Subcaves | Ambushed by Subdweller buried in earth 2459 | -10/Subcaves | Destroyed by NG-X34(R) with Subdweller Shrapnel Launcher Last Messages --------------- it. Acquired Sub. Monowheel. Acquired Disposable Heat Sink. Acquired Lrg. Storage Unit. Extracted 90 matter. Acquired Med. Matter Pod. Extracted 1 energy. Acquired Hcp. Battery. Acquired Lgt. Ion Engine. Acquired Assault Rifle. Extracted 162 matter. Acquired Hcp. Matter Pod. Subatomizers dissect the Sub. Laser. Acquired Lgt. Assault Rifle. Subatomizers dissect the Sub. Laser. Critical hit (Burn: +37). Y-45 Defender destroyed. NG-X34(R): "HIDIE!" Grenade Launcher destroyed. Neutrino Core destroyed. Map ----- +----------------------------------------------------+ | ??## ###????????????????????????????????????????? | | ??# #????????????????????????????????????????? | | ### ##????????????????????????????????????????? | | ## ####???????????????????????????????????????? | | # ## ####?????????????????????????????????????? | | # # #?????????????????????????????????????? | | [ # ###?????????????????????????????????????? | | # #?????????????????????????????????????? | | # #?????????????????????????????????????? | | # #?????????????????????????????????????? | | ## ##?????????????????????????????????????? | | # ##?????????????????????????????????????? | | #?????????????????????????????????????? | | #####?????????????????????????????????????? | | ##???????????????????????????????????????? | | # ####?####??#####???????????????????????????? | | # #### #### #???????????????????????????? | | # #???????????????????????????? | | ## ##??????????????????????????? | | # ### ####???????????????????????? | | # #???????????????????????? | | ## #??????? ####???????????? | | # ### ##????? #???????????? | | # # # #?#; ;#??? ??????????????? | | # ####### #?#; ## #?????????????????? | | # ??????### #?#; @ #??????????????????? | | ## #????????## #??????????????????? | | ?###?????????#### # #??????????????????? | | ????????????????### #??????????????????? | | ?????????????????# % #?????????????????? | | ????????????????# # #????????????????? | | ????????????????### R # ???????????????? | | ????????????????? # ## #??????????????? | | ????????????????## # #? #?? #??????????????? | | ?????????????????##### #?? ??? ##??????????????? | | ????????????????????? #??? #????#???????????????? | | ????????????????????? ???? #????????????????????? | | ???????????????????? ???? #????????????????????? | | ????????????????????#?????###????????????????????? | | ?????????????????????????????????????????????????? | | ?????????????????????????????????????????????????? | | ?????????????????????????????????????????????????? | | ?????????????????????????????????????????????????? | | ?????????????????????????????????????????????????? | | ?????????????????????????????????????????????????? | | ?????????????????????????????????????????????????? | | ?????????????????????????????????????????????????? | | ?????????????????????????????????????????????????? | | ?????????????????????????????????????????????????? | | ?????????????????????????????????????????????????? | +----------------------------------------------------+ Best States ------------- Heat Dissipation 25 Coolant Potential 50 Energy Generation 19 Energy Capacity 500 Matter Stores 500 Matter Capacity 500 Sight Range 16 Terrain Scan Density 10 Armor Coverage 800 Weapon Shielding 33 Evasion (%) 40 Recoil Reduction 2 Item Schematics ----------------- None Robot Schematics ------------------ None Fabricated ------------ Nothing Alien Tech Used ----------------- None Achievements -------------- Backstab Challenges ------------ None Game ------ Seed MetafiberGrenadeAutobeam Manual? 0 Play Time 00:18:35 Cumulative 9.9 hours Start 2024.04.04 @ 19:46:46 End 2024.04.04 @ 20:04:23 Sessions 1 Manual Loads 0 Difficulty Rogue Special Mode None Game No. 17 Rogue 16 Adventurer 0 Explorer 1 Win Type - Total 0 Types 0/0/0/0/0/0/0/0/0 Lore% 3 Gallery% 11 Achievement% 10 Wizard Run 0 Options --------- Layout 1 ASCII 0 Keyboard 0 Movement Mouse Keybinds 0 Fullscreen 1 Font 32/SmallcapsGlow Map View 50x35 Zoom Use 0% Tactical HUD 0 Map Filters NONE Filters NONE Steam 1 RUN: b6206519-2aea-47ce-9e70-d385478c40fa